 Dungeon Crawl Stone Soup version 0.28.0 (webtiles) character file.

Game seed: 5130539751596756993

525 crazypyro the Digger (level 7, 0/38 HPs)
             Began as a Gargoyle Earth Elementalist on Feb 8, 2022.
             Slain by Pikel (6 damage)
             ... on level 4 of the Dungeon.
             The game lasted 00:08:10 (5084 turns).

crazypyro the Digger (Gargoyle Earth Elementalist)  Turns: 5084, Time: 00:08:10

Health: 0/38       AC:  7    Str: 11    XL:     7   Next: 23%
Magic:  1/12       EV: 11    Int: 18    God:
Gold:   196        SH:  0    Dex: 10    Spells: 9/13 levels left

rFire   . . .      SeeInvis .   n - +1 whip (venom)
rCold   . . .      Faith    .   (no shield)
rNeg    + . .      Spirit   .   b - +0 robe
rPois   ∞          Reflect  .   (no helmet)
rElec   +          Harm     .   (no cloak)
rCorr   .          Rampage  .   (no gloves)
Will    .....                   l - +0 pair of boots
Stlth   ++........              (no amulet)
HPRegen 0.12/turn               (no ring)
MPRegen 0.13/turn               (no ring)

@: no status effects
A: sickness immunity, AC +4, negative energy resistance 1, electricity
resistance, torment resistance 1, petrification resistance
a: no special abilities


You were on level 4 of the Dungeon.
You visited 1 branch of the dungeon, and saw 4 of its levels.

You collected 196 gold pieces.

Inventory:

Hand Weapons
 f - a +0 dagger
 h - a +0 whip
 m - a +0 quarterstaff
 n - a +1 whip of venom (weapon)
Missiles
 c - 34 stones
Armour
 b - a +0 robe (worn)
 l - a +0 pair of boots (worn)
Wands
 j - a wand of iceblast (1)
 r - a wand of acid (5)
Scrolls
 a - 2 scrolls of torment {unknown}
 d - 2 scrolls of enchant weapon {unknown}
 e - 5 scrolls of identify {unknown}
 g - 2 scrolls of magic mapping {unknown}
 o - a scroll of blinking {unknown}
 q - a scroll of fear {unknown}
Potions
 i - a potion of brilliance {unknown}
 k - a potion of might {unknown}
 p - a potion of heal wounds


   Skills:
 - Level 1.3 Fighting
 - Level 0.3 Short Blades
 + Level 2.7 Maces & Flails
 - Level 1.5 Dodging
 - Level 2.1 Stealth
 + Level 3.8 Spellcasting
 + Level 3.3 Conjurations
 - Level 1.5 Transmutations
 + Level 5.8 Earth Magic


You had 9 spell levels left.
You knew the following spells:

 Your Spells              Type           Power      Damage    Failure   Level
a - Sandblast             Erth           48%        2d12      1%          1
b - Stone Arrow           Conj/Erth      38%        3d9       7%          3

Your spell library contained the following spells:

 Spells                   Type           Power      Damage    Failure   Level
 Passwall                 Tmut/Erth      13%        N/A       4%          2
 Petrify                  Tmut/Erth      16%        N/A       32%         4


Dungeon Overview and Level Annotations

Branches:
Dungeon (4/15)
 Temple: D:4-7

Altars:
Xom

Annotations:
D:4 Pikel


Innate Abilities, Weirdness & Mutations

You are immune to sickness and miasma.
Your stone body is resilient. (AC +4)
You are immune to poison.
You resist negative energy. (rN+)
You are resistant to electric shocks. (rElec)
You are resistant to unholy torment.
You are immune to petrification.


Message History

Pikel hits you with a +2 whip of electrocution!
Casting: Stone Arrow (dangerous; 7% risk of failure)
Confirm with . or Enter, or press ? or * to list all spells.
Aiming: Stone Arrow (dangerous; 7% risk of failure)
Press: ? - help, Shift-Dir - straight line, f/p - Pikel
Aim: Pikel, wielding a +2 whip of electrocution and wearing a +0 robe (moderately wounded, 60% to hit)
The stone arrow misses Pikel.
Pikel hits you with a +2 whip of electrocution!
Casting: Stone Arrow (dangerous; 7% risk of failure)
Confirm with . or Enter, or press ? or * to list all spells.
Aiming: Stone Arrow (dangerous; 7% risk of failure)
Press: ? - help, Shift-Dir - straight line, f/p - Pikel
Aim: Pikel, wielding a +2 whip of electrocution and wearing a +0 robe (moderately wounded, 60% to hit)
The stone arrow misses Pikel.
Pikel misses you.
Casting: Stone Arrow (dangerous; 7% risk of failure)
Confirm with . or Enter, or press ? or * to list all spells.
You don't have enough magic to cast this spell.
Unknown command.
You barely miss Pikel.
Pikel is moderately wounded.
Pikel completely misses you.
You hit Pikel.
Pikel is moderately wounded.
Pikel closely misses you.
You hit Pikel but do no damage.
Pikel is poisoned.
Pikel is moderately wounded.
Pikel hits you with a +2 whip of electrocution.
You hit Pikel.
Pikel looks as sick as possible!
Pikel is heavily wounded.
Pikel says, "Antaeus said I was his favorite kobold.
Me!"
Pikel hits you with a +2 whip of electrocution.
* * * LOW HITPOINT WARNING * * *
You hit Pikel.
Pikel is heavily wounded.
Pikel hits you with a +2 whip of electrocution.
* * * LOW HITPOINT WARNING * * *
You barely miss Pikel.
Pikel is severely wounded.
Pikel hits you with a +2 whip of electrocution.
You die...

#...##..#### ####........#
# #....###...#
#..........#
.#####........###
####......##
......####....# ##.....###
......# ###..##
##........# ......# ##..##
##.....##### .....##
##..## ##.....## #....##
#...###......# ##....#
#.K@........## #..#..##
##..#.........## ..###..##
#..#####.......## ..#
##..## ##..# ##........##
.##
##..###..#####....###...##
.#
#........##.......####..##
.#
##............#....#####.#
.##
##..........###......#####
..# ##...####..###
#.......###


You could see Pikel (extremely poisoned).

Vanquished Creatures
  An ogre (D:4)
  3 lemures
  Blork the orc (D:4)
  2 scorpions (D:4)
  3 orc wizards (D:4)
  4 gnolls (D:3)
  5 adders
  A white imp (D:3)
  4 worms
  5 dart slugs
  4 orcs
  8 endoplasms
  5 giant cockroaches
  7 goblins
  2 hobgoblins (D:1)
  2 jackals
  9 ball pythons
  3 bats
  3 frilled lizards
  6 kobolds
  4 rats
82 creatures vanquished.

Notes
Turn   | Place    | Note
-------+----------+-------------------------------------------
     0 | D:1      | crazypyro the Gargoyle Earth Elementalist began the quest
                  | for the Orb.
     0 | D:1      | Reached XP level 1. HP: 10/10 MP: 3/3
   241 | D:1      | Reached skill level 1 in Transmutations
   270 | D:1      | Reached XP level 2. HP: 15/15 MP: 3/5
   425 | D:1      | Reached skill level 4 in Earth Magic
   574 | D:1      | Reached XP level 3. HP: 18/19 MP: 0/6
   763 | D:1      | Learned a level 3 spell: Stone Arrow
  1546 | D:2      | Found a faded altar of an unknown god.
  2046 | D:3      | Reached XP level 4. HP: 9/24 MP: 0/8
  2260 | D:3      | Reached skill level 1 in Conjurations
  2264 | D:3      | Reached skill level 1 in Fighting
  2493 | D:3      | Found a shimmering altar of Xom.
  2591 | D:3      | Reached XP level 5. HP: 29/29 MP: 2/9
  2694 | D:3      | Reached skill level 1 in Maces & Flails
  3245 | D:4      | Noticed an ogre
  3263 | D:4      | Killed an ogre
  3264 | D:4      | Reached skill level 5 in Earth Magic
  3264 | D:4      | Reached XP level 6. HP: 4/34 MP: 7/11
  3932 | D:4      | Noticed Blork the orc
  3939 | D:4      | Killed Blork the orc
  3940 | D:4      | Reached XP level 7. HP: 30/38 MP: 0/12
  4452 | D:4      | Noticed Pikel
  5084 | D:4      | Slain by Pikel

Illustrated notes

Levels and vault maps discovered:
D:1:      dpeg_arrival_solitude, layout_rooms
D:2:      layout_basic, shapermc_ecumenical_altar_petra
D:3:      minmay_inner_zag, layout_loops_ring, mainiacjoe_overflow_boulevard
D:4:      layout_layer_cave, uniq_blork_the_orc, uniq_pikel

Skill      XL: |  1  2  3  4  5  6 |
---------------+-------------------+-----
Transmutations | 1 |  1.5
Earth Magic    | 4 5 |  5.8
Conjurations   | 1 2 3 |  3.3
Fighting       | 1 |  1.3
Spellcasting   | 3 |  3.8
Maces & Flails | 1 2 |  2.7
Short Blades   | |  0.3
Dodging        | |  1.5
Stealth        | |  2.1

Action                   |  1- 3 |  4- 6 |  7- 9 || total
-------------------------+-------+-------+-------++-------
Melee: Unarmed           |     8 |       |       ||     8
       Dagger            |     8 |       |       ||     8
       Whip              |    34 |    20 |    26 ||    80
       Quarterstaff      |       |     2 |       ||     2
 Cast: Sandblast         |    57 |    40 |    33 ||   130
       Stone Arrow       |       |     6 |    12 ||    18
Armor: Robe              |    41 |     9 |    10 ||    60
Dodge: Dodged            |    60 |    17 |    27 ||   104
